 Dungeon Crawl Stone Soup version 0.25.1-2-g60ff931df9 (webtiles) character file.

Game seed: 17488432262577959464

1525 Arcadio the Digger (level 8, -6/72 HPs)
             Began as a Gargoyle Earth Elementalist on Nov 20, 2020.
             Was a Follower of Sif Muna.
             Killed by divine providence
             ... invoked by an orc priest
              (15 damage)
             ... on level 6 of the Dungeon.
             The game lasted 00:42:42 (7117 turns).

Arcadio the Digger (Gargoyle Earth Elementalist)    Turns: 7117, Time: 00:42:42

Health: -6/72      AC: 24    Str: 12    XL:     8   Next: 84%
Magic:  14/14      EV:  2    Int: 18    God:    Sif Muna [*.....]
Gold:   288        SH:  0    Dex: 10    Spells: 9/15 levels left

rFire    x . .     SeeInvis .   I - +2 spear (venom)
rCold    + . .     Gourm    .   (no shield)
rNeg     + + +     Faith    .   (armour currently unavailable)
rPois    ∞         Spirit   .   (helmet currently unavailable)
rElec    .         Reflect  .   (cloak currently unavailable)
rCorr    .         Harm     .   (gloves currently unavailable)
MR       .....     NoTele   +   (boots currently unavailable)
Stlth    ++........             (no amulet)
HPRegen  0.22/turn              f - ring of ice
MPRegen  0.14/turn              (no ring)

@: tree-form (expiring)
A: negative energy resistance 1, petrification resistance, rot immunity, AC +5
a: Channel Magic, Renounce Religion


You were on level 6 of the Dungeon.
You worshipped Sif Muna.
Sif Muna was aware of your devotion.
You were not hungry.
You were a tree.
You visited 2 branches of the dungeon, and saw 7 of its levels.

You collected 288 gold pieces.

Inventory:

Hand Weapons
 e - a +0 club
 j - a +0 club
 n - a +0 hunting sling
 s - a +0 hand axe
 t - a +0 mace
 w - a +0 morningstar
 H - a +2 dagger of electrocution
 I - a +2 spear of venom (weapon)
 O - a +0 spear
Missiles
 g - 55 sling bullets
 i - 94 arrows
 k - 97 stones (quivered)
 u - 28 poisoned darts
Armour
 c - a +0 robe
 q - a +1 cloak (melded)
 v - a +0 robe
 y - a +2 robe (melded)
 A - a +0 helmet
 B - a +0 buckler
 C - a +0 robe
 J - a +1 animal skin
 K - a +2 helmet (melded)
 U - a +0 cloak
Jewellery
 f - a ring of ice (left branch)
 h - an uncursed amulet of guardian spirit
Wands
 P - a wand of clouds (5)
 R - a wand of digging (6)
 S - a wand of iceblast (11)
Scrolls
 a - 5 scrolls of magic mapping
 m - 3 scrolls of remove curse
 o - a scroll of noise {unknown}
 x - a scroll of enchant armour
 E - a scroll of immolation {unknown}
 F - a scroll of random uselessness {unknown}
 G - a scroll of blinking
 N - a scroll of teleportation {unknown}
Potions
 b - a potion of might
 l - 2 potions of lignification
 p - 4 potions of brilliance {unknown}
 r - 3 potions of stabbing {unknown}
 z - a potion of heal wounds
 M - a potion of ambrosia {unknown}
 Q - 2 potions of flight {unknown}
Comestibles
 d - 10 rations
 L - a chunk of flesh


   Skills:
 * Level 4.3 Fighting
 - Level 3.2 Maces & Flails
 * Level 4.2 Polearms
 + Level 3.3 Dodging
 + Level 4.2 Stealth
 + Level 4.4 Spellcasting
 + Level 0.1 Conjurations
 + Level 0.7 Transmutations
 + Level 6.1 Earth Magic


You had 9 spell levels left.
You knew the following spells:

 Your Spells              Type           Power        Failure   Level  Hunger
a - Sandblast             Erth           ####..       1%          1    None
b - Stone Arrow           Conj/Erth      ###...       12%         3    ###....
c - Passwall              Tmut/Erth      ###.....     5%          2    #......

Your spell library contained the following spells:

 Spells                   Type           Power        Failure   Level  Hunger
 Animate Skeleton         Necr           N/A          14%         1    None
 Apportation              Tloc           #.....       14%         1    None
 Corona                   Hex            #......      14%         1    None
 Summon Small Mammal      Summ           #...         14%         1    None
 Lee's Rapid Deconstruct  Erth           ####......   30%         5    ######.
 Petrify                  Tmut/Erth      ###.....     34%         4    ####...


Dungeon Overview and Level Annotations

Branches:
Dungeon (6/15)             Temple (1/1) D:4

Altars:
Ashenzari
Cheibriados
Dithmenos
Elyvilon
Fedhas
Gozag
Hepliaklqana
Kikubaaqudgha
Makhleb
Okawaru
Qazlal
Ru
Sif Muna
Trog
Uskayaw
Vehumet
Wu Jian
Xom
Yredelemnul
Zin
The Shining One


Innate Abilities, Weirdness & Mutations

You are resistant to torment.
((Your stone body is resilient. (AC +5)))
You are immune to poison.
You resist negative energy. (rN+)
((You are resistant to electric shocks. (rElec)))
((You can survive without breathing.))
You are immune to petrification.
You are immune to rotting.


Message History

Your transformation is almost over.
You kill the centaur!
Sif Muna accepts your kill.
Your Polearms skill increases to level 4!
Attack whom?
Press: ? - help, Dir - move target cursor, f - jelly
Aim: a jelly You hit the jelly.
Your branches burn!
* * * LOW HITPOINT WARNING * * *
The jelly is lightly wounded.
The jelly hits you but does no damage.
Attack whom?
Press: ? - help, Dir - move target cursor, f/p - jelly
Aim: a jelly (lightly wounded)
You hit the jelly.
Your branches burn!
* * * LOW HITPOINT WARNING * * *
The jelly is heavily wounded.
The orc priest calls down the wrath of Beogh upon you.
Beogh smites you!
You die...

## ###. #.. #.#
# #♣# #.#J# #
###.#o#.#
#.....#.#
##..#...##
$###..#.#..##
...........>###
..##..#........
..............#


You could see a jelly and an orc priest.

Vanquished Creatures
  Grinder (D:3)
  Sigmund (D:5)
  Purgy (D:4)
  An ice beast (D:3)
  A sky beast (D:5)
  An ogre (D:4)
  A centaur (D:6)
  A bullfrog (D:6)
  A scorpion (D:6)
  2 hounds
  An orc priest (D:6)
  A centaur skeleton (D:5)
  2 iguanas
  Jessica (D:3)
  Natasha (thrice) (D:3)
  An orc wizard (D:5)
  Terence (D:2)
  A hound skeleton (D:3)
  A worker ant zombie (D:5)
  Robin (D:3)
  4 gnolls (D:3)
  7 adders
  A shadow imp (D:5)
  An ooze (D:1)
  An adder zombie (D:5)
  4 worms
  2 dart slugs
  3 leopard geckos
  9 orcs
  2 ball pythons
  3 giant cockroaches
  22 goblins
  10 hobgoblins
  10 jackals
  10 kobolds
  4 quokkas
  10 bats
  8 frilled lizards
  9 rats
144 creatures vanquished.

Notes
Turn   | Place    | Note
-------+----------+-------------------------------------------
     0 | D:1      | Arcadio the Gargoyle Earth Elementalist began the quest for
                  | the Orb.
     0 | D:1      | Reached XP level 1. HP: 10/10 MP: 3/3
   110 | D:1      | Reached skill level 4 in Earth Magic
   110 | D:1      | Reached XP level 2. HP: 15/15 MP: 0/5
   741 | D:1      | Reached XP level 3. HP: 16/19 MP: 1/6
  1328 | D:2      | Learned a level 3 spell: Stone Arrow
  1331 | D:2      | Learned a level 2 spell: Passwall
  1554 | D:2      | Noticed Terence
  1936 | D:2      | Reached skill level 1 in Maces & Flails
  2098 | D:2      | Reached XP level 4. HP: 24/24 MP: 7/7
  2573 | D:2      | Killed Terence
  2573 | D:2      | Reached skill level 1 in Fighting
  3039 | D:3      | Reached XP level 5. HP: 28/29 MP: 6/9
  3258 | D:3      | Noticed Natasha
  3265 | D:3      | Killed Natasha
  3400 | D:3      | Noticed Natasha
  3409 | D:3      | Killed Natasha
  3681 | D:3      | Noticed an ice beast
  3688 | D:3      | HP: 1/30 [ice beast (11)]
  3710 | D:3      | HP: 1/30 [hound skeleton (3)]
  4082 | D:4      | Found a staircase to the Ecumenical Temple.
  4135 | D:4      | Noticed an ogre
  4137 | D:4      | Reached XP level 6. HP: 35/35 MP: 8/10
  4181 | D:4      | Reached skill level 5 in Earth Magic
  4241 | D:3      | Noticed Jessica
  4247 | D:3      | Killed Jessica
  4315 | D:3      | Noticed Natasha
  4325 | D:3      | Killed Natasha
  4663 | D:3      | Noticed Grinder
  4668 | D:3      | Paralysed by Grinder for 2 turns
  4677 | D:3      | Killed Grinder
  4677 | D:3      | Reached XP level 7. HP: 40/41 MP: 4/12
  5124 | D:3      | Noticed Robin
  5128 | D:3      | Killed Robin
  5627 | Temple   | Entered the Ecumenical Temple
  5728 | Temple   | Became a worshipper of Sif Muna the Loreminder
  6184 | D:4      | Noticed Purgy
  6195 | D:4      | Killed Purgy
  6195 | D:4      | Reached skill level 1 in Polearms
  6195 | D:4      | Reached XP level 8. HP: 32/48 MP: 10/14
  6431 | D:5      | Entered Level 5 of the Dungeon
  6628 | D:5      | Reached skill level 6 in Earth Magic
  6808 | D:5      | Noticed Sigmund
  6847 | D:5      | Killed Sigmund
  7105 | D:6      | Reached * piety under Sif Muna
  7117 | D:6      | Killed from afar by an orc priest

Illustrated notes

Levels and vault maps discovered:
D:1:      dpeg_arrival_court, layout_basic
D:2:      kennysheep_the_goblin_king, layout_basic, first_ration, uniq_terence
D:3:      minmay_thinvault, layout_basic, uniq_grinder, uniq_jessica,
          uniq_robin, uniq_natasha
D:4:      layout_layer_cave, minmay_temple_entry_stoned_glass, serial_glass,
          glass_columns_c, glass_columns_b, glass_columns_a, glass_columns_a,
          glass_columns_b, glass_columns_c, kennysheep_generic_room_3,
          uniq_purgy
D:5:      layout_loops_ring, chequers_hall_statues_wall_a, uniq_sigmund
D:6:      minmay_chambers_of_threes, layout_basic, serial_shops, shop,
          lemuel_blue_sif_altar
Temple:   kilobyte_greek_temple

Skill      XL: |  1  2  3  4  5  6  7  8 |
---------------+-------------------------+-----
Earth Magic    | 4 5 6 |  6.1
Maces & Flails | 1 2 3 |  3.2
Dodging        | 2 3 |  3.3
Fighting       | 1 3 4 |  4.3
Spellcasting   | 3 4 |  4.4
Stealth        | 3 4 |  4.2
Polearms       | 1 4 |  4.2
Conjurations   | |  0.1
Transmutations | |  0.7

Action                   |  1- 3 |  4- 6 |  7- 9 || total
-------------------------+-------+-------+-------++-------
Melee: Club              |   130 |    30 |       ||   160
       Mace              |       |    82 |    34 ||   116
       Spear             |       |       |   158 ||   158
 Cast: Sandblast         |    35 |    61 |    23 ||   119
       Stone Arrow       |     4 |     3 |     2 ||     9
  Use: Scroll            |     6 |     3 |     3 ||    12
       Potion            |       |       |     1 ||     1
 Stab: Sleeping          |     3 |     8 |     2 ||    13
  Eat: Chunk             |     5 |     6 |     4 ||    15
       Ration            |       |     1 |     1 ||     2
Armor: Robe              |    53 |    46 |   106 ||   205
       Skin              |     9 |       |    21 ||    30
Dodge: Dodged            |   113 |    70 |   123 ||   306
